 Dungeon Crawl Stone Soup version 0.21-a0-265-gb353147 (console) character file.

2495 removed the Conjurer (level 9, -3/73 HPs)
             Began as a Demigod Venom Mage on Sept 10, 2017.
             Killed from afar by zero's ghost (44 damage)
             ... with a blast of rock fragments
             ... on level 7 of the Dungeon.
             The game lasted 00:16:28 (8443 turns).

removed the Conjurer (Demigod Venom Mage)           Turns: 8443, Time: 00:16:28

Health: -3/73      AC:  3    Str: 14    XL:     9   Next: 7%
Magic:  20/20      EV: 14    Int: 25    God:
Gold:   444        SH:  0    Dex: 16    Spells: 14/18 levels left

rFire    . . .     SeeInvis .   a - +6 spear {freeze, *Contam +Blink rPois MR+}
rCold    . . .     Gourm    +   (no shield)
rNeg     . . .     Faith    .   y - +0 robe
rPois    +         Spirit   .   A - +0 helmet
rElec    .         Reflect  .   (no cloak)
rCorr    .         Harm     .   (no gloves)
MR       ++...                  (no boots)
Stlth    ++........             V - amulet of the gourmand
HPRegen  0.22/turn              o - ring of protection from magic
MPRegen  0.17/turn              s - +3 ring of strength

@: drained
A: high mp 1
a: Evoke Blink


You were on level 7 of the Dungeon.
You were not hungry.

You visited 1 branch of the dungeon, and saw 7 of its levels.

You collected 444 gold pieces.

Inventory:

Hand Weapons
 a - the +6 spear of Etiupp (weapon) {freeze, *Contam +Blink rPois MR+}
   (You found it on level 6 of the Dungeon)

   It has been specially enchanted to freeze those struck by it, causing extra
   injury to most foes and up to half again as much damage against particularly
   susceptible opponents.
   It can also slow down cold-blooded creatures.
   It protects you from poison.
   It affects your resistance to hostile enchantments.
   It lets you blink.
   It causes magical contamination when unequipped.
 b - a +2 whip of freezing
 f - a +0 hand axe
 h - a +0 mace
 E - a +0 flail of draining
 M - a +1 dagger of venom
 U - a +2 vampiric battleaxe
Armour
 y - a +0 robe (worn)
 A - a +0 helmet (worn)
Magical Staves
 Z - an uncursed staff of cold {unknown}
Jewellery
 d - an uncursed amulet of faith
 o - a ring of protection from magic (left hand)
 s - a +3 ring of strength (right hand)
 u - an uncursed ring of ice
 V - an amulet of the gourmand (around neck)
Wands
 C - a wand of lightning (9/15)
 Q - a wand of paralysis (10/24)
 R - a wand of random effects (22/48)
Scrolls
 i - 3 scrolls of enchant armour {unknown}
 j - 3 scrolls of remove curse
 q - a scroll of immolation {unknown}
 r - 2 scrolls of amnesia {unknown}
 t - a scroll of random uselessness {unknown}
 H - a scroll of blinking {unknown}
 I - 2 scrolls of fog {unknown}
 J - 2 scrolls of recharging {unknown}
 N - 3 scrolls of teleportation {unknown}
 T - a scroll of fear {unknown}
 X - a scroll of identify
Potions
 e - 2 potions of berserk rage
 k - 2 potions of heal wounds
 l - a potion of flight
 p - 4 potions of curing
 x - a potion of magic
 D - 3 potions of brilliance
 P - a potion of might {unknown}
 W - 2 potions of mutation {unknown}
Books
 B - a Young Poisoner's Handbook

   Spells                             Type                      Level
   a - Sting                          Conjuration/Poison           1
   b - Poisonous Vapours              Poison/Air                   2
   c - Mephitic Cloud                 Conjuration/Poison/Air       3
   d - Olgreb's Toxic Radiance        Poison                       4
   e - Venom Bolt                     Conjuration/Poison           5
 K - a book of Necromancy

   Spells                             Type                      Level
   a - Pain                           Necromancy                   1
   b - Animate Skeleton               Necromancy                   1
   c - Vampiric Draining              Necromancy                   3
   d - Regeneration                   Charms/Necromancy            3
   e - Animate Dead                   Necromancy                   4
   f - Control Undead                 Necromancy                   4
Comestibles
 c - 2 bread rations
 w - 2 meat rations
 F - 3 fruits


   Skills:
 + Level 4.9(4.5) Fighting
 - Level 4.0(3.7) Dodging
 - Level 1.7(1.4) Stealth
 - Level 5.0(4.6) Spellcasting
 - Level 6.0(5.6) Conjurations
 - Level 6.0(5.6) Poison Magic


You had 14 spell levels left.
You knew the following spells:

 Your Spells              Type           Power        Failure   Level  Hunger
a - Sting                 Conj/Pois      ####         1%          1    None
m - Mephitic Cloud        Conj/Pois/Air  ###.....     5%          3    ##.....


Dungeon Overview and Level Annotations

Branches:
Dungeon (7/15)             Temple (0/1) D:5

Annotations:
D:7 zero's ghost, novice GrEE


Innate Abilities, Weirdness & Mutations

You have an increased reservoir of magic. (+10% MP)


Message History

The shadow imp hits you.
You puncture the shadow imp!
You kill the shadow imp!
The jackal closely misses you.
Unknown command.
You closely miss the jackal. The jackal barely misses you.
Zero's ghost points at you and mumbles some strange words.
The stone arrow hits you! The jackal barely misses you.
Unknown command.
You barely miss the jackal. The jackal closely misses you. x2
You puncture the jackal! You freeze the jackal.
You kill the jackal!
Attack whom?
Press: ? - help, Dir - move target cursor, f - zero's ghost
Aim: zero's ghost You reach to attack!
You closely miss zero's ghost.
Zero's ghost points at you and mumbles some strange words.
The wall shatters!
The blast of rock fragments hits you!
Ouch! That really hurt!
You die...

.#.# ##.# #. #..#
#.# #..# #.# #.z#
##..### ..Z##
##....... .#.<###
##........ ####..##
##†........ ##.)##
#@.%....... ##..##
#.......... ##(.###
#..W........
###..###..##........
#.......##.!......
#<........#.......
#.................
#......#..........
##......##......##


You could see zero's ghost.

Vanquished Creatures
  Pikel (D:4)
  Sigmund (D:5)
  Edmund (D:4)
  Menkaure (D:7)
  A water moccasin (D:6)
  A sky beast (D:5)
  An orc warrior (D:6)
  An ogre (D:7)
  3 slaves
  4 centaurs
  A bullfrog (D:5)
  A scorpion (D:6)
  A wight (D:6)
  A howler monkey (D:5)
  2 crimson imps (D:5)
  3 hounds
  2 jellies
  2 orc priests
  3 orc wizards
  A centaur skeleton (D:7)
  An iguana (D:6)
  4 worker ants
  A hound skeleton (D:5)
  Robin (D:4)
  7 gnolls
  8 adders
  2 shadow imps
  An ooze (D:2)
  An adder zombie (D:5)
  7 worms
  2 dart slugs (D:1)
  5 leopard geckos
  9 orcs
  9 bats
  2 giant cockroaches
  12 goblins
  9 hobgoblins
  11 jackals
  3 kobolds
  A quokka (D:5)
  2 ball pythons
  8 frilled lizards
  A jackal skeleton (D:5)
  A leopard gecko zombie (D:7)
  5 rats
145 creatures vanquished.

Vanquished Creatures (others)
  An adder (D:4)
1 creature vanquished.

Grand Total: 146 creatures vanquished

Notes
Turn   | Place    | Note
-------+----------+-------------------------------------------
     0 | D:1      | removed the Demigod Venom Mage began the quest for the Orb.
     0 | D:1      | Reached XP level 1. HP: 14/14 MP: 5/5
    62 | D:1      | Reached skill level 1 in Conjurations
   391 | D:1      | Reached XP level 2. HP: 13/20 MP: 2/7
   674 | D:1      | You fall through a shaft!
   859 | D:2      | Reached XP level 3. HP: 22/26 MP: 0/8
  1342 | D:2      | Reached XP level 4. HP: 26/33 MP: 1/9
  1931 | D:2      | Learned a level 3 spell: Mephitic Cloud
  1970 | D:3      | Found a faded altar of an unknown god.
  2366 | D:3      | Reached XP level 5. HP: 38/38 MP: 5/10
  2639 | D:4      | Noticed Edmund
  2899 | D:4      | Killed Edmund
  2914 | D:4      | Noticed Robin
  3175 | D:4      | Killed Robin
  3393 | D:4      | Noticed Pikel
  3393 | D:4      | Noticed a slave
  3422 | D:4      | Noticed a slave
  3450 | D:4      | Killed a slave
  3467 | D:4      | Noticed a slave
  3786 | D:3      | Killed a slave
  4051 | D:3      | Killed a slave
  4212 | D:4      | Reached XP level 6. HP: 45/45 MP: 5/11
  4451 | D:4      | Killed Pikel
  4451 | D:4      | Reached skill level 5 in Conjurations
  4451 | D:4      | Reached skill level 5 in Poison Magic
  4451 | D:4      | Reached XP level 7. HP: 16/50 MP: 0/12
  4778 | D:5      | Entered Level 5 of the Dungeon
  4778 | D:5      | Noticed Sigmund
  5495 | D:5      | Found a staircase to the Ecumenical Temple.
  5713 | D:5      | Reached XP level 8. HP: 47/57 MP: 17/17
  5726 | D:5      | Killed Sigmund
  5810 | D:5      | Reached skill level 5 in Spellcasting
  5954 | D:5      | Reached skill level 1 in Fighting
  6842 | D:6      | Got an encrusted spear
  6843 | D:6      | Identified the +6 spear of Etiupp {freeze, *Contam +Blink rPois MR+} (You found it on level 6 of the Dungeon)
  7881 | D:7      | Noticed Menkaure
  8036 | D:7      | Killed Menkaure
  8047 | D:7      | Noticed zero's ghost (novice GrEE)
  8099 | D:7      | Reached XP level 9. HP: 72/72 MP: 14/20
  8443 | D:7      | Killed from afar by zero's ghost

Vault maps used:
D:1:      minmay_arrival_arboretum_small, lemuel_another_geyser
D:2:      serial_park_tiny_1
D:3:      chequers_ecumenical_altar_simple_redux
D:4:      uniq_edmund, uniq_robin, uniq_pikel
D:5:      minmay_temple_entry_large_hall, first_bread, hangedman_decor_push,
          uniq_sigmund
D:7:      uniq_menkaure

Skill      XL: |  1  2  3  4  5  6  7  8 |
---------------+-------------------------+-----
Conjurations   | 2 3 4 5 6 |  6.0
Poison Magic   | 3 4 5 6 |  6.0
Spellcasting   | 3 5 |  5.0
Fighting       | 4 |  4.9
Dodging        | 4 |  4.0
Stealth        | |  1.7

Action                   |  1- 3 |  4- 6 |  7- 9 || total
-------------------------+-------+-------+-------++-------
Melee: Mace              |    10 |    13 |       ||    23
       Hand axe          |     4 |       |       ||     4
       Flail             |       |    35 |       ||    35
       Whip              |       |       |    58 ||    58
       Dagger            |       |       |     6 ||     6
       Spear             |       |       |    49 ||    49
 Cast: Sting             |    79 |   166 |   194 ||   439
       Mephitic Cloud    |       |     5 |     9 ||    14
  Use: Scroll            |       |     6 |     3 ||     9
 Stab: Confused          |       |     1 |     1 ||     2
       Distracted        |       |       |     1 ||     1
  Eat: Chunk             |     2 |    11 |    12 ||    25
       Bread ration      |       |       |     1 ||     1
Armor: Robe              |     4 |    14 |    28 ||    46
Dodge: Dodged            |    26 |    73 |   111 ||   210

Table legend:
 A = Spawn XP
 B = Non-spawn XP
 C = Spawn XP percentage of total XP
 D = Spawn monster count
 E = Non-spawn monster count
 F = Spawn count percentage of total count
 G = Total turns spent on level
                    A         B        C        D         E        F      G
               +---------+---------+-------+---------+---------+-------+---------
         Total |       0 |    3565 |   0.0 |       0 |     142 |   0.0 |  8443
               +---------+---------+-------+---------+---------+-------+---------
           D:1 |       0 |      26 |   0.0 |       0 |      14 |   0.0 |   766
           D:2 |       0 |     148 |   0.0 |       0 |      22 |   0.0 |  1431
           D:3 |       0 |      79 |   0.0 |       0 |      16 |   0.0 |  1305
           D:4 |       0 |     828 |   0.0 |       0 |      19 |   0.0 |  1467
           D:5 |       0 |    1174 |   0.0 |       0 |      33 |   0.0 |  1710
           D:6 |       0 |     795 |   0.0 |       0 |      25 |   0.0 |  1441
           D:7 |       0 |     515 |   0.0 |       0 |      13 |   0.0 |   323
               +---------+---------+-------+---------+---------+-------+---------
